 Dungeon Crawl Stone Soup version 0.30-a0-279-g4b46babb21 (webtiles) character file.

Game seed: 8235025435768417488

5 mandarbmax the Ruffian (level 1, 0/16 HPs)
             Began as a Draconian Transmuter on Oct 16, 2022.
             Slain by a quokka (2 damage)
             ... on level 1 of the Dungeon.
             The game lasted 00:00:48 (60 turns).

mandarbmax the Ruffian (Draconian Transmuter)         Turns: 60, Time: 00:00:49

Health: 0/16       AC:  4    Str: 12    XL:     1   Next: 66%
Magic:  2/3        EV: 12    Int: 13    God:
Gold:   0          SH:  0    Dex: 11    Spells: 3/4 levels left

rFire   . . .      SeeInvis .      - Unarmed
rCold   . . .      Faith    .    (no shield)
rNeg    . . .      Spirit   .    (body armour unavailable)
rPois   .          Reflect  .    (helmet currently unavailable)
rElec   .          Harm     .    (no cloak)
rCorr   .          Rampage  .    (no gloves)
Will    .....                    (boots currently unavailable)
Stlth   +.........               (no amulet)
HPRegen 0.22/turn                (no ring)
MPRegen 0.08/turn                (no ring)

@: appendages (expiring)
A: horns 2, talons 2, AC +4, unfitting armour, cold-blooded
a: End Transformation


You were on level 1 of the Dungeon.
You had temporarily grown beastly horns and talons.
You visited 1 branch of the dungeon, and saw 1 of its levels.

Inventory:

Potions
 a - a potion of lignification


   Skills:
 - Level 1.1 Fighting
 - Level 2.0 Dodging
 + Level 3.2 Unarmed Combat
 - Level 2.0 Spellcasting
 - Level 2.0 Transmutations


You had 3 spell levels left.
You knew the following spells:

 Your Spells              Type           Power      Damage    Failure   Level
a - Beastly Appendage     Tmut           12%        N/A       11%         1

Your spell library contained the following spells:

 Spells                   Type           Power      Damage    Failure   Level
 Wereblood                Tmut           6%         N/A       17%         2
 Spider Form              Tmut/Pois      3%         N/A       45%         3
 Ice Form                 Ice/Tmut       3%         N/A       86%         4


Dungeon Overview and Level Annotations

Branches:
Dungeon (1/15)

Altars:


Innate Abilities, Weirdness & Mutations

You have temporarily grown beastly horns and talons.
Your plain brown scales are hard. (AC +4)
You cannot fit into any form of body armour.
You are cold-blooded and may be slowed by cold attacks.


Message History

The goblin shouts!
You grow a pair of large bovine horns.
Your feet morph into talons.
No target in view!
Found a sling.
A rat comes into view.
The goblin hits you with a +0 club.
A quokka comes into view.
You miss the goblin. Your kick misses the goblin.
Your headbutt misses the goblin. The goblin hits you with a +0 club.
You miss the goblin. Your headbutt misses the goblin.
Your transformation is almost over.
The goblin hits you with a +0 club.
You hit the goblin. Your headbutt misses the goblin.
Your tail-slap misses the goblin.
The goblin is moderately wounded.
The goblin misses you.
You barely miss the goblin. You claw the goblin.
The goblin is heavily wounded.
The goblin hits you with a +0 club.
Casting: Beastly Appendage (safe; 11% risk of failure)
Confirm with . or Enter, or press ? or * to list all spells.
You extend your transformation's duration.
The goblin closely misses you.
Okay, then.
You barely miss the goblin. Your kick misses the goblin.
Your headbutt misses the goblin. You tail-slap the goblin.
You kill the goblin!
The quokka barely misses you.
Training target 2.0 for Dodging reached!
Your Dodging skill increases to level 2!
You closely miss the rat. You claw the rat.
You kill the rat!
The quokka bites you but does no damage.
You hit the quokka but do no damage.
Your transformation is almost over.
The quokka bites you.
* * * LOW HITPOINT WARNING * * *
You miss the quokka. You claw the quokka, but do no damage.
The quokka bites you.
You die...

#.#.#...##.....
#.#..........#
##.##.........#
#...##..#.....##
#...###.#.......
##...###.#....#
#.....##......#
#..<..###.r...#
#.....# #.#@+##
##...## #.#)#
#...# ##...
#...# ##.#.
##.## ..... #.#
#.# #. #.# ..)
.. #.# ##


You could see a quokka.

Vanquished Creatures
  A dart slug (D:1)
  A goblin (D:1)
  2 rats (D:1)
4 creatures vanquished.

Notes
Turn   | Place    | Note
-------+----------+-------------------------------------------
     0 | D:1      | mandarbmax the Draconian Transmuter began the quest for the
                  | Orb.
     0 | D:1      | Reached XP level 1. HP: 16/16 MP: 3/3
    60 | D:1      | Slain by a quokka

Illustrated notes

Levels and vault maps discovered:
D:1:      dpeg_arrival_rhombus, layout_basic, st_stairs_8

Skill      XL: |  1 |
---------------+----+-----
Dodging        | 2 |  2.0
Fighting       | |  1.1
Unarmed Combat | |  3.2
Spellcasting   | |  2.0
Transmutations | |  2.0

Action                   || total
-------------------------++-------
Melee: Unarmed           ||    12
       Kick              ||     3
       Headbutt          ||     1
       Tailslap          ||     1
 Cast: Beastly Appendage ||     3
Armor: Skin              ||     2
Dodge: Dodged            ||     5

Table legend: (Time is in decaauts)
 A = Elapsed time spent in this place.
 B = Non-inter-level travel time spent in this place.
 C = Inter-level travel time spent in this place.
 D = Time resting spent in this place.
 E = Time spent auto-exploring this place.
 F = Levels seen in this place.
 G = Mean time per level.
                   A        B        C        D        E       F      G
               +--------+--------+--------+--------+--------+-----+--------+
         Total |     59 |     59 |      0 |      0 |     35 |   1 |   59.0 |
       Dungeon |     59 |     59 |      0 |      0 |     35 |   1 |   59.0 |
               +--------+--------+--------+--------+--------+-----+--------+

Top non-repeatable levels by time:
     D:1: 59 daAuts
